 Dungeon Crawl Stone Soup version 0.28.0 (webtiles) character file.

Game seed: 1340651695353052411

374 SnakkuSnakku7 the Firebug (level 6, -2/47 HPs)
             Began as a Mummy Cinder Acolyte on Feb 11, 2022.
             Was a High Priest of Ignis.
             Slain by a sky beast (6 damage)
             ... on level 4 of the Dungeon.
             The game lasted 00:04:30 (3258 turns).

SnakkuSnakku7 the Firebug (Mummy Cinder Acolyte)    Turns: 3258, Time: 00:04:30

Health: -2/47      AC:  3    Str: 17    XL:     6   Next: 43%
Magic:  5/12       EV: 11    Int: 16    God:    Ignis [*****.]
Gold:   188        SH:  0    Dex: 13    Spells: 11/13 levels left

rFire   . . .      SeeInvis .   a - -1 mace (flame)
rCold   + . .      Faith    .   (no shield)
rNeg    + + +      Spirit   .   b - +0 robe
rPois   ∞          Reflect  .   c - +0 helmet
rElec   .          Harm     .   (no cloak)
rCorr   .          Rampage  .   (no gloves)
Will    .....                   (no boots)
Stlth   +.........              (no amulet)
HPRegen 0.15/turn               p - +6 ring of dexterity
MPRegen 0.13/turn               (no ring)

@: no status effects
A: cold resistance 1, negative energy resistance 3, torment resistance 2, heat
vulnerability 1, no potions
a: Renounce Religion, Fiery Armour, Foxfire Swarm, Rising Flame


You were on level 4 of the Dungeon.
You worshipped Ignis.
Ignis was extremely pleased with you.
You visited 1 branch of the dungeon, and saw 4 of its levels.

You collected 253 gold pieces.
You spent 65 gold pieces at shops.

Inventory:

Hand Weapons
 a - a -1 mace of flaming (weapon)
 g - a +0 hand crossbow
Missiles
 k - 32 bolts
Armour
 b - a +0 robe (worn)
 c - a +0 helmet (worn)
 h - a +0 ring mail
Jewellery
 o - an amulet of guardian spirit
 p - a +6 ring of dexterity (left hand)
Scrolls
 d - 3 scrolls of amnesia
 e - a scroll of fear
 f - 2 scrolls of summoning
 i - 2 scrolls of teleportation
 j - a scroll of holy word {unknown}
 l - a scroll of enchant armour {unknown}
 m - 2 scrolls of fog
 n - 2 scrolls of immolation


   Skills:
 - Level 3.0 Fighting
 - Level 2.4 Maces & Flails
 + Level 4.2 Spellcasting
 - Level 5.3 Fire Magic


You had 11 spell levels left.
You knew the following spells:

 Your Spells              Type           Power      Damage    Failure   Level
a - Scorch                Fire           40%        2d7       2%          2

Your spell library contained the following spells:

 Spells                   Type           Power      Damage    Failure   Level


Dungeon Overview and Level Annotations

Branches:
Dungeon (4/15)
 Temple: D:4-7

Altars:
Kikubaaqudgha

Shops:
D:2 ?

Annotations:
D:4 exclusion: water moccasin


Innate Abilities, Weirdness & Mutations

You are immune to poison.
Your flesh is cold resistant. (rC+)
You are immune to negative energy. (rN+++)
You are immune to unholy pain and torment.
You are vulnerable to heat. (rF-)
You do not drink.


Message History

Something hits you.
* * * LOW HITPOINT WARNING * * *
Something shocks you.
* * * LOW HITPOINT WARNING * * *
Your Spellcasting skill increases to level 4!
Found 13 stones.
Found a stone staircase leading down.
A sky beast appears from thin air!
Reactivating autopickup.
The sky beast is no longer more vulnerable to fire.
The sky beast flickers out of sight!
Deactivating autopickup; reactivate with Ctrl-A.
There is a stone staircase leading down here.
A sky beast appears from thin air!
Reactivating autopickup.
There is a stone staircase leading up here.
The sky beast flickers out of sight!
Deactivating autopickup; reactivate with Ctrl-A.
A sky beast appears from thin air!
Reactivating autopickup.
The sky beast flickers out of sight!
Deactivating autopickup; reactivate with Ctrl-A.
A sky beast appears from thin air!
Reactivating autopickup.
The sky beast completely misses you.
The sky beast flickers out of sight!
Deactivating autopickup; reactivate with Ctrl-A.
Casting: Scorch (safe; 2% risk of failure)
Press: ? - help, Q - select action Dir - look around, f - activate Flames lash something.
Something hits you.
* * * LOW HITPOINT WARNING * * *
Something shocks you.
* * * LOW HITPOINT WARNING * * *
Casting: Scorch (safe; 2% risk of failure)
Press: ? - help, Q - select action Dir - look around, f - activate Flames lash something.
Something hits you.
* * * LOW HITPOINT WARNING * * *
Something shocks you.
You die...

#.# #...######.#.# #.#
#...######.#.#
#.########.......[....#
#.......!...........###
#.<.................#
#.####..............#
#.# #.##############
#.# #.# #.# #@# #.# #.#
#.# #.# ############
#.####.# #...>......#
#....#≈###.########.###
####.#......#...†§.....
#........#.#####.###
##......(...# .....
#...........# ..###


There were no monsters in sight!

Vanquished Creatures
  A necrophage (D:2)
  A howler monkey (D:2)
  2 hounds (D:4)
  A jelly (D:4)
  An iguana (D:4)
  A hound skeleton (D:4)
  6 adders
  4 orcs (D:3)
  2 bats
  5 endoplasms
  3 giant cockroaches
  7 goblins
  10 hobgoblins
  7 jackals
  5 kobolds
  2 quokkas (D:2)
  A ball python (D:1)
  3 frilled lizards
  4 rats
66 creatures vanquished.

Vanquished Creatures (others)
  A plant (D:3)
1 creature vanquished.

Grand Total: 67 creatures vanquished

Notes
Turn   | Place    | Note
-------+----------+-------------------------------------------
     0 | D:1      | SnakkuSnakku7 the Mummy Cinder Acolyte began the quest for
                  | the Orb.
     0 | D:1      | Reached XP level 1. HP: 18/18 MP: 2/2
    74 | D:1      | Found a faded altar of an unknown god.
   158 | D:1      | Reached XP level 2. HP: 10/24 MP: 4/4
   159 | D:1      | Reached skill level 3 in Fire Magic
   163 | D:1      | Learned a level 2 spell: Scorch
  1063 | D:2      | Reached XP level 3. HP: 27/29 MP: 5/5
  1265 | D:2      | Found Renot's Magic Scroll Emporium.
  1273 | D:2      | Bought a scroll of identify for 26 gold pieces
  1273 | D:2      | Bought a scroll of teleportation for 39 gold pieces
  1477 | D:2      | Reached skill level 4 in Fire Magic
  1477 | D:2      | Reached XP level 4. HP: 22/35 MP: 1/6
  1632 | D:2      | Found an ancient bone altar of Kikubaaqudgha.
  2042 | D:3      | Noticed a necrophage
  2123 | D:2      | Killed a necrophage
  2124 | D:2      | Reached skill level 5 in Fire Magic
  2124 | D:2      | Reached XP level 5. HP: 24/41 MP: 0/7
  2841 | D:4      | Noticed a water moccasin
  3078 | D:4      | Reached XP level 6. HP: 39/47 MP: 6/10
  3172 | D:4      | Noticed a sky beast
  3258 | D:4      | Slain by a sky beast

Illustrated notes

Levels and vault maps discovered:
D:1:      dpeg_arrival_radiant, layout_loops_ring,
          hellmonk_ecumenical_altar_zigzags
D:2:      layout_basic, basic_altar, serial_shops, shop
D:3:      wad_lake_hut, layout_basic, serial_glass, glass_columns_b,
          glass_columns_b
D:4:      layout_loops_ring, lemuel_crystal_altar, corexii_leaking_fountain

Skill      XL: |  1  2  3  4  5  6 |
---------------+-------------------+-----
Fire Magic     | 3 4 5 |  5.3
Spellcasting   | 3 4 |  4.2
Fighting       | |  3.0
Maces & Flails | |  2.4

Action                   |  1- 3 |  4- 6 || total
-------------------------+-------+-------++-------
Melee: Mace              |    88 |   104 ||   192
 Cast: Scorch            |     7 |    34 ||    41
  Use: Scroll            |     2 |     3 ||     5
Armor: Robe              |    28 |    34 ||    62
Dodge: Dodged            |    69 |    91 ||   160
